 Dungeon Crawl Stone Soup version 0.28.0-49-g6dfe1f597d (webtiles) character file.

Game seed: 16803738965134795079

61 Zeld the Sneak (level 4, -5/35 HPs)
             Began as a Djinni Delver on May 14, 2022.
             Slain by a lemure (8 damage)
             ... led by Pikel
             ... on level 4 of the Dungeon.
             The game lasted 00:00:32 (51 turns).

Zeld the Sneak (Djinni Delver)                        Turns: 51, Time: 00:00:32

Health: -5/35      AC:  3    Str: 13    XL:     4   Next: 27%
Gold:   17         EV: 12    Int: 12    God:
                   SH:  0    Dex: 14

rFire   + + .      SeeInvis .   a - +0 falchion
rCold   x . .      Faith    .   (no shield)
rNeg    . . .      Spirit   .   b - +0 leather armour
rPois   ∞          Reflect  .   (no helmet)
rElec   .          Harm     .   (no cloak)
rCorr   .          Rampage  .   (no gloves)
Will    .....                   (boots unavailable)
Stlth   ++........              (no amulet)
HPRegen 0.11/turn               (no ring)
MPRegen 0.00/turn               (no ring)

@: flying
A: sickness immunity, fire resistance 2, cold vulnerability 1, float, innate
caster, HP casting, extra vitality 1
a: no special abilities


You were on level 4 of the Dungeon.
You visited 1 branch of the dungeon, and saw 2 of its levels.

You collected 17 gold pieces.

Inventory:

Hand Weapons
 a - a +0 falchion (weapon)
Armour
 b - a +0 leather armour (worn)
Wands
 g - a wand of digging (3)
Scrolls
 c - a scroll of fog
 d - a scroll of magic mapping
 e - a scroll of fear
Potions
 f - a potion of haste
 h - a potion of lignification {unknown}


   Skills:
 + Level 3.2 Fighting
 * Level 2.3 Long Blades
 + Level 2.5 Dodging
 + Level 4.2 Stealth
 * Level 1.0 Spellcasting
 * Level 1.4 Evocations


You had 4 spell levels left.
You knew the following spells:

 Your Spells              Type           Power      Damage    Failure   Level
a - Slow                  Hex            12%        N/A       26%         1
Your spell library was empty.

Dungeon Overview and Level Annotations

Branches:
Dungeon (5/15)
 Temple: D:4-7

Altars:

Annotations:
D:4 Pargi, Pikel


Innate Abilities, Weirdness & Mutations

You are immune to sickness and miasma.
You are immune to poison.
Your flesh is very heat resistant. (rF++)
You are vulnerable to cold. (rC-)
You float through the air rather than walking.
You learn spells naturally, not from books.
Your magical power is your life essence.
You have superior vitality. (+4 MHP)


Message History

You kill the scorpion!
The bullfrog zombie hits you but does no damage.
Your Long Blades skill increases to level 2!
Your Spellcasting skill increases to level 1!
Your Evocations skill increases to level 1!
You have reached level 2!
You have reached level 3!
Your experience leads to an increase in your attributes!
Increase (S)trength, (I)ntelligence, or (D)exterity?
You feel stronger. x2
The power to cast Slow wells up from within.
Spell assigned to 'a'.
You have reached level 4!
You feel clever.
Unknown command.
The bullfrog zombie hits you but does no damage.
The bullfrog zombie closely misses you.
Casting: Slow (safe; 26% risk of failure)
Confirm with . or Enter, or press ? or * to list all spells.
Aiming: Slow (safe; 26% risk of failure)
Press: ? - help, Shift-Dir - straight line, f - bullfrog zombie
Aim: a bullfrog zombie (chance to affect: 50%)
The bullfrog zombie resists with some effort.
* * * LOW HITPOINT WARNING * * *
The bullfrog zombie hits you.
* * * LOW HITPOINT WARNING * * *
An ogre comes into view. It is wielding a +0 giant club.
The bullfrog zombie closely misses you.
The ogre shouts!
The bullfrog zombie completely misses you.
There is a stone staircase leading up here.
The bullfrog zombie misses you.
You fly upwards.
Pargi shouts!
The lemure shouts! x2; You hear a shout!
The orc shouts!
There is a stone staircase leading down here.
Pargi snarls, "My home!
Leave!"
Pikel and 2 lemures come into view.
Pikel is wielding a +1 whip of freezing.
The lemure hits you!
You die...

..##. .......
.....#. .......
.5. K..........
..5.#..........
...............
#..#5#.......
#....5.......
##+##+#.@#
.........#
........##
.......T#
..........#
.............
...o...........
...............
#..............


You could see Pikel, Pargi, 4 lemures and an orc.

Vanquished Creatures
  A scorpion (D:5)
1 creature vanquished.

Notes
Turn   | Place    | Note
-------+----------+-------------------------------------------
     0 | D:5      | Zeld the Djinni Delver began the quest for the Orb.
     0 | D:5      | Reached XP level 1. HP: 20/20 MP: 0/0
    22 | D:5      | Noticed a scorpion
    33 | D:5      | Killed a scorpion
    34 | D:5      | Reached skill level 1 in Spellcasting
    34 | D:5      | Reached skill level 1 in Evocations
    34 | D:5      | Reached XP level 2. HP: 3/25 MP: 0/0
    34 | D:5      | Reached XP level 3. HP: 4/30 MP: 0/0
    34 | D:5      | Learned a level 1 spell: Slow
    34 | D:5      | Reached XP level 4. HP: 5/35 MP: 0/0
    43 | D:5      | Noticed an ogre
    48 | D:4      | Noticed Pargi
    48 | D:4      | Noticed a lemure
    48 | D:4      | Noticed a lemure
    48 | D:4      | Noticed a scorpion
    50 | D:4      | Noticed Pikel
    50 | D:4      | Noticed a lemure
    50 | D:4      | Noticed a lemure
    51 | D:4      | Slain by a lemure

Illustrated notes

Levels and vault maps discovered:
D:4:      layout_basic, uniq_pargi, uniq_pikel, uniq_natasha, uniq_robin
D:5:      layout_rooms, minmay_fractal_squares_diagonal_5

Skill      XL: |  1 |
---------------+----+-----
Long Blades    | 2 |  2.3
Spellcasting   | 1 |  1.0
Evocations     | 1 |  1.4
Fighting       | |  3.2
Dodging        | |  2.5
Stealth        | |  4.2

Action                   |  1- 3 |  4- 6 || total
-------------------------+-------+-------++-------
Melee: Falchion          |     8 |       ||     8
 Cast: Slow              |       |     1 ||     1
Armor: Leather armour    |     2 |     1 ||     3
Dodge: Dodged            |     3 |     4 ||     7
